 Dungeon Crawl Stone Soup version 0.19-a0-49-gb8736b8 (webtiles) character file.

22190 Mefis the Conjurer (level 13, -2/91 HPs)
             Began as a Human Wizard on May 5, 2016.
             Was a High Priest of Sif Muna.
             Slain by a seven-headed hydra (6 damage)
             ... on level 4 of the Lair of Beasts on May 6, 2016.
             The game lasted 01:57:14 (20522 turns).

Mefis the Conjurer (Human Wizard)                  Turns: 20522, Time: 01:57:14

Health: -2/91      AC: 20    Str: 12    XL:     13   Next: 25%
Magic:  14/32      EV: 14    Int: 23    God:    Sif Muna [*****.]
Gold:   583        SH:  7    Dex: 12    Spells: 9 memorised, 1 level left

rFire  . . .     SeeInvis .     X - +8 mace of Zuish {crush, MR++ Stlth+}
rCold  . . .     Gourm    .     A - +1 leather armour of Terror {rPois Regen+ Slay+3}
rNeg   . . .     Faith    .     W - +0 buckler
rPois  +         Spirit   .     S - +2 helmet
rElec  +         Dismiss  .     f - +2 cloak
rCorr  .         Reflect  +     U - +2 pair of gloves
SustAt .         Harm     .     B - +2 pair of boots
MR     ++...     Rnd*Tele +     x - +3 amulet of reflection
Stlth  ++++......               h - +4 ring of strength
                                E - ring of magical power

@: lethally poisoned (-2 -> -4), invisible, very resistant to hostile
enchantments, stealthy
A: iridescent scales 1, blink, deformed body, robust 1, screaming 1, electricity
resistance, teleportitis 1
a: Blink, Channel Energy, Forget Spell, Renounce Religion


You were on level 4 of the Lair of Beasts.
You worshipped Sif Muna.
Sif Muna was extremely pleased with you.
You were near starving.

You visited 3 branches of the dungeon, and saw 16 of its levels.

You collected 828 gold pieces.
You spent 245 gold pieces at shops.

Inventory:

Hand Weapons
 e - a +1 shortbow of flaming
 X - the +8 mace of Zuish (weapon) {crush, MR++ Stlth+}
   (You found it on level 7 of the Dungeon)

   It inflicts extra damage upon your enemies.
   It affects your resistance to hostile enchantments.
   It makes you more stealthy.
Missiles
 z - 64 bolts
 C - 416 arrows
Armour
 f - a +2 cloak (worn)
 q - the +2 leather armour of Terror {rN+ rCorr Str+6 Slay-3}
   (You found it on level 2 of the Lair of Beasts)

   It affects your strength (+6).
   It affects your accuracy and damage with ranged weapons and melee attacks
   (-3).
   It protects you from negative energy.
   It protects you from acid and corrosion.
 A - the +1 leather armour of Terror (worn) {rPois Regen+ Slay+3}
   (You found it on level 9 of the Dungeon)

   It affects your accuracy and damage with ranged weapons and melee attacks
   (+3).
   It protects you from poison.
   It increases your rate of regeneration.
 B - a +2 pair of boots (worn)
 S - a +2 helmet (worn)
 U - a +2 pair of gloves (worn)
 W - a +0 buckler (worn)
Jewellery
 b - an uncursed ring of poison resistance
 h - a +4 ring of strength (right hand)
 x - a +3 amulet of reflection (around neck)
 E - a ring of magical power (left hand)
 Z - an uncursed ring of fire {unknown}
Wands
 I - a wand of polymorph (16/24)
 N - a wand of confusion (26/48)
 Q - a wand of acid (7/15)
 R - a wand of confusion (18/48)
Scrolls
 j - 5 scrolls of magic mapping {unknown}
 l - a scroll of enchant weapon
 n - 4 scrolls of remove curse
 p - a scroll of random uselessness {unknown}
 r - a scroll of recharging {unknown}
 D - 2 scrolls of blinking
 L - 5 scrolls of identify
Potions
 i - a potion of lignification {unknown}
 s - 2 potions of resistance {unknown}
 t - a potion of magic
 u - a potion of might
 w - 4 potions of curing
 H - a potion of cure mutation {unknown}
 J - 2 potions of haste {unknown}
 K - 2 potions of berserk rage
 P - 2 potions of flight
 V - 2 potions of agility
Books
 c - a book of Minor Magic

   Spells                             Type                      Level
   a - Magic Dart                     Conjuration                  1
   b - Blink                          Translocation                2
   c - Call Imp                       Summoning                    2
   d - Repel Missiles                 Charms/Air                   2
   e - Slow                           Hexes                        2
   f - Conjure Flame                  Conjuration/Fire             3
   g - Mephitic Cloud                 Conjuration/Poison/Air       3
 m - a Grand Grimoire

   Spells                             Type                      Level
   a - Monstrous Menagerie            Summoning                    7
   b - Summon Greater Demon           Summoning                    7
   c - Malign Gateway                 Summoning/Translocation      7
   d - Summon Horrible Things         Summoning                    8
 o - Huriph's Reference Book on Conjuration
   (Sif Muna gifted it to you on level 2 of the Lair of Beasts)

   Spells                             Type                      Level
   a - Mephitic Cloud                 Conjuration/Poison/Air       3
   b - Venom Bolt                     Conjuration/Poison           5
   c - Irradiate                      Conjuration/Transmutation    5
   d - Fireball                       Conjuration/Fire             5
   e - Poisonous Cloud                Conjuration/Poison/Air       6
   f - Delayed Fireball               Conjuration/Fire             7
 G - a book of Spatial Translocations

   Spells                             Type                      Level
   a - Apportation                    Translocation                1
   b - Blink                          Translocation                2
   c - Shroud of Golubria             Charms/Translocation         2
   d - Portal Projectile              Translocation                3
   e - Teleport Other                 Translocation                3
   f - Passage of Golubria            Translocation                4
 O - Uvaokirgh's Catalogue of Enchanting Translocation
   (You found it on level 9 of the Dungeon)

   Spells                             Type                      Level
   a - Tukima's Dance                 Hexes                        3
   b - Teleport Other                 Translocation                3
   c - Force Lance                    Conjuration/Translocation    4
   d - Cause Fear                     Hexes                        4
   e - Invisibility                   Hexes                        6
 Y - a book of Power

   Spells                             Type                      Level
   a - Fulminant Prism                Conjuration/Hexes            4
   b - Iskenderun's Mystic Blast      Conjuration                  4
   c - Venom Bolt                     Conjuration/Poison           5
   d - Bolt of Magma                  Conjuration/Fire/Earth       5
   e - Iron Shot                      Conjuration/Earth            6
   f - Orb of Destruction             Conjuration                  7
   g - Spellforged Servitor           Conjuration/Summoning        7
Miscellaneous
 F - a plain deck of destruction
Comestibles
 a - 11 fruits
 d - 6 bread rations
 g - 3 beef jerkies
 k - 5 meat rations
 M - 3 chunks of flesh
 T - 3 royal jellies


   Skills:
 - Level 2.0 Fighting
   Level 2.1 Short Blades
 - Level 3.1 Maces & Flails
 + Level 5.4 Armour
 + Level 7.0 Dodging
 + Level 7.6 Stealth
 + Level 2.2 Shields
 + Level 6.8 Spellcasting
 * Level 7.9 Conjurations
 + Level 2.0 Hexes
 + Level 6.4 Charms
   Level 4.3 Summonings
 + Level 6.9 Translocations
 * Level 4.5 Fire Magic
 - Level 3.4 Air Magic
 - Level 3.9 Poison Magic
 + Level 6.1 Invocations
 - Level 1.5 Evocations


You had one spell level left.
You knew the following spells:

 Your Spells              Type           Power        Failure   Level  Hunger
a - Magic Dart            Conj           ####         1%          1    None
b - Delayed Fireball      Conj/Fire      N/A          100%        7    #######
c - Blink                 Tloc           N/A          1%          2    None
d - Tukima's Dance        Hex            ###.....     17%         3    None
e - Mephitic Cloud        Conj/Pois/Air  ####....     6%          3    None
f - Fireball              Conj/Fire      #####.....   30%         5    #####..
l - Shroud of Golubria    Chrm/Tloc      #####.....   1%          2    None
p - Repel Missiles        Chrm/Air       ####..       2%          2    None
s - Force Lance           Conj/Tloc      #####...     8%          4    ###....


Dungeon Overview and Level Annotations

Branches:
Dungeon (11/15)            Temple (1/1) D:5            Lair (4/8) D:11
  Swamp (0/4) Lair:4
  Snake: Lair:3-6    Spider: Lair:3-6       Orc: D:9-12

Altars:
Ashenzari
Gozag
Nemelex Xobeh
Pakellas
Qazlal
Sif Muna
Trog
Xom

Shops:
D:5 *   D:6 ?


Innate Abilities, Weirdness & Mutations

You are partially covered in iridescent scales (AC +4).
You can translocate small distances at will.
Armour fits poorly on your strangely shaped body.
You are robust (+10% HP).
You occasionally shout uncontrollably at your foes.
You are resistant to electric shocks.
You are occasionally teleported next to monsters.


Message History

You feel sick. The seven-headed hydra bites you!
* * * LOW HITPOINT WARNING * * *
The seven-headed hydra bites you.
* * * LOW HITPOINT WARNING * * *
The seven-headed hydra bites you.
* * * LOW HITPOINT WARNING * * *
The seven-headed hydra bites you but does no damage.
You block the seven-headed hydra's attack.
The seven-headed hydra bites you but does no damage.
You block the seven-headed hydra's attack.
Drink which item? (? for menu, Esc to quit)
You fade into invisibility!
You feel sick.
The seven-headed hydra barely misses you.
The seven-headed hydra bites you but does no damage.
You block the seven-headed hydra's attack.
The seven-headed hydra barely misses you.
The seven-headed hydra closely misses you.
The seven-headed hydra bites you.
You die...

.......PP........................
######.P..####'..#...............
#######P..# ##.#..#.....##.....PP
#...#.##..# #....#.#.....#..#..#.
#.....P...###............#.?....#
#.........?##......#...........##
#.........#............P......##
###...##...#......#.... #
.#.#..##...####.@# #.. ##
...........##.#D##.... .#.
........รท....llF....... ...
.........l............. ...
....................... ...
....................... ...
....................... ##.
####.##................ #
.######.......##.####.. #


You could see a seven-headed hydra, a spiny frog, a basilisk and an iguana.

Vanquished Creatures
  3 hydras
  A centaur warrior (D:11)
  2 hill giants (D:10)
  2 spiny frogs (Lair:1)
  A rime drake (Lair:4)
  3 komodo dragons
  2 trolls
  Grinder (D:3)
  Prince Ribbit (D:5)
  8 blink frogs
  A spriggan (D:7)
  17 yaks
  A vampire (D:9)
  2 wyverns (D:10)
  Sigmund (D:5)
  4 hungry ghosts
  Grum (Lair:1)
  A hippogriff (Lair:1)
  7 water moccasins
  8 porcupines
  An ice beast (D:5)
  3 orc warriors
  4 sky beasts
  4 ogres
  2 phantoms
  2 black bears
  12 centaurs
  29 wolves
  8 crocodiles
  5 giant frogs
  5 jellies
  A water moccasin skeleton (D:6)
  4 scorpions
  5 killer bees (D:10)
  An electric eel (Lair:3)
  4 howler monkeys
  2 centaur skeletons
  A quasit (D:10)
  3 giant frog zombies
  A gnoll shaman (D:5)
  8 orc priests
  5 hounds
  9 orc wizards
  Jessica (D:1)
  22 iguanas
  8 worker ants
  5 sheep (Lair:3)
  A hound skeleton (D:4)
  2 worker ant zombies
  Robin (D:4)
  11 adders
  6 gnolls
  41 river rats
  A howler monkey skeleton (D:4)
  2 shadow imps
  2 oozes
  An adder zombie (D:9)
  2 worms
  3 dart slugs
  17 giant geckos
  23 orcs
  3 bats
  5 giant cockroaches
  15 goblins
  9 hobgoblins
  9 jackals
  8 quokkas
  A ball python (D:2)
  11 giant newts
  6 kobolds
  7 rats
409 creatures vanquished.

Vanquished Creatures (collateral kills)
  Purgy (D:3)
  The ghost of Graouh the Covered, an amateur MiFi (D:3)
  A giant frog (D:6)
  A crimson imp (D:6)
  An iguana (D:4)
  A gnoll (D:5)
  3 worms
  A hobgoblin (D:3)
  A jackal zombie (D:5)
11 creatures vanquished.

Vanquished Creatures (others)
  A giant newt (Lair:3)
  13 fungi
  6 plants
20 creatures vanquished.

Grand Total: 440 creatures vanquished

Notes
Turn   | Place    | Note
--------------------------------------------------------------
     0 | D:1      | Mefis the Human Wizard began the quest for the Orb.
     0 | D:1      | Reached XP level 1. HP: 13/13 MP: 4/4
   187 | D:1      | Reached XP level 2. HP: 13/19 MP: 0/6
   191 | D:1      | Learned a level 2 spell: Call Imp
   194 | D:1      | Learned a level 2 spell: Blink
   197 | D:1      | Learned a level 2 spell: Repel Missiles
   705 | D:1      | Reached XP level 3. HP: 24/24 MP: 4/7
  1346 | D:2      | Noticed Jessica
  1563 | D:1      | Killed Jessica
  1563 | D:1      | Reached skill level 1 in Air Magic
  1563 | D:1      | Reached XP level 4. HP: 7/31 MP: 5/9
  1842 | D:2      | Reached skill level 1 in Charms
  2580 | D:2      | Reached XP level 5. HP: 36/36 MP: 4/10
  2808 | D:3      | Noticed Purgy
  2828 | D:3      | Killed Purgy
  2828 | D:3      | Reached skill level 1 in Fighting
  2876 | D:3      | Noticed Graouh's ghost (amateur MiFi)
  3036 | D:3      | Reached skill level 1 in Short Blades
  3042 | D:3      | Reached XP level 6. HP: 43/43 MP: 0/11
  3295 | D:3      | Killed Graouh's ghost
  3295 | D:3      | Reached skill level 1 in Armour
  3577 | D:3      | Noticed Grinder
  3577 | D:3      | Paralysed by Grinder for 5 turns
  3853 | D:3      | Killed Grinder
  3853 | D:3      | Reached XP level 7. HP: 41/48 MP: 0/12
  4064 | D:3      | Found an opulent altar of Gozag.
  4064 | D:3      | Found a bloodstained altar of Trog.
  4574 | D:5      | Entered Level 5 of the Dungeon
  4579 | D:5      | Learned a level 3 spell: Mephitic Cloud
  4583 | D:5      | Learned a level 3 spell: Conjure Flame
  4885 | D:5      | Found a staircase to the Ecumenical Temple.
  4891 | Temple   | Entered the Ecumenical Temple
  4900 | Temple   | Became a worshipper of Sif Muna the Loreminder
  4962 | D:5      | Noticed Sigmund
  4995 | D:4      | Noticed Robin
  5468 | D:4      | Found a sparkling altar of Nemelex Xobeh.
  5601 | D:4      | Killed Robin
  6111 | D:5      | Noticed Prince Ribbit
  6442 | D:6      | Reached XP level 8. HP: 53/56 MP: 7/13
  6520 | D:6      | Reached skill level 1 in Fire Magic
  6728 | D:6      | Reached skill level 1 in Poison Magic
  6944 | D:6      | Found Gani's Magic Scroll Boutique.
  6952 | D:6      | Bought a scroll of fear for 38 gold pieces
  6952 | D:6      | Bought a scroll of enchant armour for 82 gold pieces
  6952 | D:6      | Bought a scroll of amnesia for 38 gold pieces
  6952 | D:6      | Bought a scroll of noise for 11 gold pieces
  7566 | D:5      | Killed Sigmund
  7566 | D:5      | Reached * piety under Sif Muna
  7675 | D:5      | Reached skill level 1 in Invocations
  7950 | D:5      | Found Uruofud's General Store.
  7978 | D:5      | Bought a potion of mutation for 27 gold pieces
  7978 | D:5      | Bought a potion of degeneration for 11 gold pieces
  7978 | D:5      | Bought a scroll of immolation for 38 gold pieces
  8027 | D:5      | Reached XP level 9. HP: 61/61 MP: 2/15
  8434 | D:5      | Killed Prince Ribbit
  8434 | D:5      | Reached skill level 5 in Stealth
  8830 | D:7      | Reached ** piety under Sif Muna
  9052 | D:7      | Gained mutation: You occasionally shout uncontrollably at your foes. [potion of mutation]
  9052 | D:7      | Gained mutation: You are partially covered in iridescent scales (AC +4). [potion of mutation]
  9052 | D:7      | Gained mutation: You are occasionally teleported next to monsters. [potion of mutation]
  9053 | D:7      | Gained mutation: You have sharp toenails. [potion of mutation]
  9053 | D:7      | Gained mutation: You are resistant to electric shocks. [potion of mutation]
  9053 | D:7      | Gained mutation: Armour fits poorly on your strangely shaped body. [potion of mutation]
  9529 | D:7      | Got a crystal mace
  9530 | D:7      | Identified the +8 mace of Zuish {crush, MR++ Stlth+} (You found it on level 7 of the Dungeon)
  9901 | D:8      | Reached skill level 1 in Maces & Flails
  9901 | D:8      | Reached XP level 10. HP: 67/67 MP: 6/17
  9905 | D:8      | Gained mutation: You can translocate small distances at will. [mutagenic meat]
  9906 | D:8      | Gained mutation: You are robust (+10% HP). [mutagenic meat]
  9907 | D:8      | Lost mutation: You have sharp toenails. [mutagenic meat]
 10131 | D:8      | Reached skill level 5 in Spellcasting
 10227 | D:8      | Learned a level 2 spell: Shroud of Golubria
 10231 | D:8      | Learned a level 3 spell: Portal Projectile
 10728 | D:8      | Reached *** piety under Sif Muna
 11310 | D:9      | Found a shattered altar of Ashenzari.
 11419 | D:9      | Got a heavily runed leather armour
 11430 | D:9      | Identified the +1 leather armour of Terror {rPois Regen+ Slay+3} (You found it on level 9 of the Dungeon)
 11462 | D:9      | Identified Uvaokirgh's Catalogue of Enchanting Translocation (You found it on level 9 of the Dungeon)
 11958 | D:10     | Entered Level 10 of the Dungeon
 12270 | D:10     | Noticed a hill giant
 12384 | D:10     | Killed a hill giant
 12393 | D:10     | Reached skill level 5 in Dodging
 12537 | D:10     | Reached skill level 1 in Evocations
 12537 | D:10     | Reached XP level 11. HP: 79/79 MP: 14/19
 12834 | D:10     | Noticed a hill giant
 12851 | D:10     | Killed a hill giant
 12851 | D:10     | Reached **** piety under Sif Muna
 12851 | D:10     | Reached skill level 5 in Conjurations
 13140 | D:11     | Noticed a seven-headed hydra
 13279 | D:11     | Noticed a centaur warrior
 13469 | D:11     | Reached skill level 5 in Charms
 13625 | D:11     | Found a shimmering altar of Xom.
 13955 | D:11     | Killed a centaur warrior
 14227 | D:11     | Found a staircase to the Lair.
 14544 | D:11     | Killed a seven-headed hydra
 14544 | D:11     | Reached ***** piety under Sif Muna
 14544 | D:11     | Reached skill level 5 in Translocations
 14862 | Lair:1   | Entered Level 1 of the Lair of Beasts
 14948 | Lair:1   | Noticed Grum
 15003 | Lair:1   | Reached XP level 12. HP: 39/85 MP: 21/21
 15056 | Lair:1   | Noticed a five-headed hydra
 15179 | Lair:1   | Got a smoking short sword
 15180 | Lair:1   | Identified the cursed +1 short sword of Nyebbett {freeze, rN+} (You found it on level 1 of the Lair of Beasts)
 15192 | Lair:1   | Reached skill level 5 in Invocations
 15254 | Lair:1   | Learned a level 4 spell: Force Lance
 15400 | Lair:1   | Killed Grum
 15875 | Lair:1   | Reached skill level 5 in Armour
 16076 | Lair:1   | Killed a five-headed hydra
 17101 | Lair:2   | Reached skill level 1 in Shields
 17139 | Lair:2   | Reached ****** piety under Sif Muna
 17270 | Lair:2   | Got a fine leather armour
 17281 | Lair:2   | Identified the +2 leather armour of Terror {rN+ rCorr Str+6 Slay-3} (You found it on level 2 of the Lair of Beasts)
 17281 | Lair:2   | Upgraded the game from 0.19-a0-45-g2c295ea to 0.19-a0-49-gb8736b8
 17390 | Lair:2   | Received a gift from Sif Muna
 17404 | Lair:2   | Identified Huriph's Reference Book on Conjuration (Sif Muna gifted it to you on level 2 of the Lair of Beasts)
 17412 | Lair:2   | Learned a level 5 spell: Fireball
 17417 | Lair:2   | Learned a level 3 spell: Tukima's Dance
 18430 | Lair:3   | Learned a level 7 spell: Delayed Fireball
 19120 | Lair:3   | Reached skill level 1 in Hexes
 19202 | Lair:3   | Reached XP level 13. HP: 89/91 MP: 13/23
 19656 | Lair:3   | Noticed a six-headed hydra
 19670 | Lair:3   | Killed a six-headed hydra
 20224 | Lair:4   | Found a staircase to the Swamp.
 20258 | Lair:4   | Noticed a seven-headed hydra
 20521 | Lair:4   | HP: 4/91 [seven-headed hydra (1)]
 20522 | Lair:4   | Slain by a seven-headed hydra

Vault maps used:
D:1:      roderic_crossed_star
D:2:      uniq_jessica
D:3:      minitemple, first_bread, kennysheep_another_room, grunt_ministairs_15,
          uniq_grinder, uniq_purgy
D:4:      minmay_strange_pillars, nemelex_deck, uniq_robin
D:5:      temple_fountains, serial_shops, kennysheep_mini_moat,
          nicolae_ossuary_entry_monument, guppyfry_early_orc_mine,
          uniq_prince_ribbit1, uniq_sigmund
D:6:      serial_shops, shop_scrolls
D:7:      hex_tiny, the_bakery, kennysheep_generic_room_13
D:8:      minmay_misc_feat_ornament
D:9:      cheibrodos_ashenzari_chains
D:11:     david_lair_shrubbed, basic_altar
Temple:   grunt_circular_temple_18
Lair:1:   uniq_grum
Lair:2:   beast_lair_carwin_10
Lair:3:   lemuel_reptile_caves, infiniplex_staircase_pool_2
Lair:4:   minmay_swamp_entry_wisps, nicolae_volcano_entry_vermiform, st_stairs_3

Skill      XL: |  1  2  3  4  5  6  7  8  9 10 11 12 13 |
---------------+----------------------------------------+-----
Air Magic      | 1 2 3 |  3.4
Charms         | 1 2 3 4 5 6 |  6.4
Fighting       | 1 2 |  2.0
Stealth        | 3 4 5 6 7 |  7.6
Short Blades   | 1 2 |  2.1
Armour         | 1 2 4 5 |  5.4
Conjurations   | 2 3 4 6 7 |  7.9
Translocations | 2 3 5 6 |  6.9
Summonings     | 2 3 4 |  4.3
Dodging        | 3 4 5 6 7 |  7.0
Fire Magic     | 1 3 4 |  4.5
Poison Magic   | 1 2 3 |  3.9
Spellcasting   | 4 5 6 |  6.8
Invocations    | 1 2 4 5 6 |  6.1
Maces & Flails | 1 2 3 |  3.1
Evocations     | 1 |  1.5
Shields        | 1 2 |  2.2
Hexes          | 1 2 |  2.0

Action                   |  1- 3 |  4- 6 |  7- 9 | 10-12 | 13-15 || total
-------------------------+-------+-------+-------+-------+-------++-------
Melee: Unarmed           |     1 |       |       |       |       ||     1
       Dagger            |     7 |     9 |    98 |       |       ||   114
       Short sword       |       |    35 |    75 |       |       ||   110
       Mace              |       |       |    10 |   802 |   165 ||   977
       Kick              |       |       |     1 |       |       ||     1
       Shortbow          |       |       |       |     1 |       ||     1
 Fire: Hunting sling     |       |       |    33 |       |       ||    33
       Shortbow          |       |       |     9 |    16 |       ||    25
Throw: Throwing net      |       |       |       |     2 |       ||     2
 Cast: Magic Dart        |    65 |    83 |   252 |   215 |    17 ||   632
       Call Imp          |     4 |    16 |    21 |    23 |       ||    64
       Conjure Flame     |       |       |     7 |     3 |       ||    10
       Mephitic Cloud    |       |       |    12 |    16 |       ||    28
       Blink             |       |       |     2 |    18 |    11 ||    31
       Repel Missiles    |       |       |     1 |     1 |       ||     2
       Shroud of Golubri |       |       |       |     5 |     2 ||     7
       Portal Projectile |       |       |       |     2 |       ||     2
       Force Lance       |       |       |       |    18 |    12 ||    30
       Fireball          |       |       |       |     3 |     2 ||     5
Invok: Channel Energy    |       |       |     3 |     2 |       ||     5
       Forget Spell      |       |       |       |     2 |       ||     2
Evoke: Wand              |       |       |       |     3 |       ||     3
  Use: Scroll            |       |     3 |    10 |    11 |     4 ||    28
       Potion            |       |       |     2 |     7 |     1 ||    10
 Stab: Sleeping          |     3 |     2 |     9 |    12 |     2 ||    28
       Distracted        |       |     1 |       |     1 |       ||     2
       Confused          |       |       |     3 |     3 |       ||     6
  Eat: Chunk             |     2 |     6 |    13 |    29 |     3 ||    53
       Bread ration      |       |       |     2 |     2 |     1 ||     5
       Fruit             |       |       |       |     3 |       ||     3
       Beef jerky        |       |       |       |     2 |       ||     2
       Meat ration       |       |       |       |     1 |       ||     1
Armor: Robe              |    12 |    12 |    33 |       |       ||    57
       Animal skin       |       |       |    64 |    23 |       ||    87
       Leather armour    |       |       |       |   418 |   217 ||   635
Dodge: Dodged            |    21 |    40 |   191 |   733 |   260 ||  1245
       Deflected         |       |       |       |     2 |       ||     2
Block: Buckler           |       |       |       |    69 |   145 ||   214
       Other             |       |       |       |    18 |       ||    18
